 Dungeon Crawl Stone Soup version 0.27-a0-29-g2d0a2396b0 (webtiles) character file.

Game seed: 11337185200590526388

7 gruber the Sneak (level 2, 0/23 HPs)
             Began as a Gnoll Wanderer on Jan 3, 2021.
             Slain by a jackal (1 damage)
             ... on level 1 of the Dungeon.
             The game lasted 00:00:38 (138 turns).

gruber the Sneak (Gnoll Wanderer)                    Turns: 138, Time: 00:00:39

Health: 0/23       AC:  2    Str: 15    XL:     2   Next: 0%
Magic:  0/2        EV: 12    Int: 16    God:
Gold:   0          SH:  0    Dex: 11    Spells: 0/1 levels left

rFire    . . .     SeeInvis .   a - +2 dagger
rCold    . . .     Faith    .   (no shield)
rNeg     . . .     Spirit   .   e - +0 robe
rPois    .         Reflect  .   (no helmet)
rElec    .         Harm     .   (no cloak)
rCorr    .         Rampage  .   (no gloves)
Will     .....                  (no boots)
Stlth    ++........             (no amulet)
HPRegen  0.07/turn              (no ring)
MPRegen  0.08/turn              (no ring)

@: no status effects
A: distributed training, fangs 1, strong nose
a: no special abilities


You were on level 1 of the Dungeon.
You visited 1 branch of the dungeon, and saw 1 of its levels.

Inventory:

Hand Weapons
 a - a +2 dagger (weapon)
Missiles
 c - 4 poisoned darts (quivered)
Armour
 e - a +0 robe (worn)
Potions
 b - a potion of berserk rage
 d - a potion of lignification
 f - a potion of might {unknown}


   Skills:
 + Level 2.4 Fighting
 + Level 0.2 Short Blades
 + Level 0.2 Long Blades
 + Level 0.2 Axes
 + Level 0.2 Maces & Flails
 + Level 2.4 Polearms
 + Level 0.2 Staves
 + Level 0.2 Slings
 + Level 0.2 Bows
 + Level 0.2 Crossbows
 + Level 2.4 Throwing
 + Level 0.2 Armour
 + Level 2.4 Dodging
 + Level 4.0 Stealth
 + Level 0.2 Shields
 + Level 0.2 Unarmed Combat
 + Level 0.2 Spellcasting
 + Level 0.1 Conjurations
 + Level 0.1 Hexes
 + Level 0.1 Summonings
 + Level 0.1 Necromancy
 + Level 0.1 Translocations
 + Level 0.1 Transmutations
 + Level 0.1 Fire Magic
 + Level 0.1 Ice Magic
 + Level 2.0 Air Magic
 + Level 0.1 Earth Magic
 + Level 3.6 Poison Magic
 + Level 0.3 Invocations
 + Level 2.4 Evocations


You couldn't memorise any spells.
You knew the following spells:

 Your Spells              Type           Power        Failure   Level
a - Apportation           Tloc           0%           24%         1

Your spell library contained the following spells:

 Spells                   Type           Power        Failure   Level
 Teleport Other           Tloc           0%           56%         3


Dungeon Overview and Level Annotations

Branches:
Dungeon (1/15)

Altars:


Innate Abilities, Weirdness & Mutations

Your experience applies equally to all skills.
You have very sharp teeth.
Your uncanny sense of smell can sniff out nearby items.


Message History

Yoink!
You pull the items towards yourself.
The jackal bites you.
* * * LOW HITPOINT WARNING * * *
The jackal barely misses you.
You are too injured to fight recklessly!
Throw: 6 darts (poison)
Press: ? - help, Q - select action, (/) - cycle Shift-Dir - straight line, f - jackal
Aim: a jackal (almost dead)
You throw a poisoned dart. The poisoned dart hits the jackal.
The jackal is poisoned.
The jackal is almost dead.
The jackal barely misses you.
Throw: 5 darts (poison)
Press: ? - help, Q - select action, (/) - cycle Shift-Dir - straight line, f/p - jackal
Aim: a jackal (almost dead, poisoned)
You throw a poisoned dart. The poisoned dart hits the jackal!
The jackal looks even sicker.
The jackal is almost dead.
The jackal bites you.
You die...

#..##
#..####.#
#.......#
##...####..
#.......+
#....####
#...##
#...# ##@##
#h# #.# #(#
#.. .(.#
...# ..(..
.....


You could see a jackal (very poisoned).

Vanquished Creatures
  A giant cockroach (D:1)
  3 jackals (D:1)
  A kobold (D:1)
  A rat (D:1)
6 creatures vanquished.

Notes
Turn   | Place    | Note
-------+----------+-------------------------------------------
     0 | D:1      | gruber the Gnoll Wanderer began the quest for the Orb.
     0 | D:1      | gruber set off with the following items: a +2 dagger, a
                  | potion of berserk rage, a potion of lignification, a +0
                  | robe; and the following spell memorised: Apportation; and
                  | the following spells available to memorise: Teleport Other
     0 | D:1      | Reached XP level 1. HP: 17/17 MP: 1/1
   129 | D:1      | Reached XP level 2. HP: 8/23 MP: 2/2
   136 | D:1      | HP: 1/23 [jackal (2)]
   138 | D:1      | Slain by a jackal

Illustrated notes

Levels and vault maps discovered:
D:1:      amcnicky_arrival_single_pillar, layout_loops_corners

Skill      XL: |  1 |
---------------+----+-----
Air Magic      | 2 |  2.0
Fighting       | |  2.4
Short Blades   | |  0.2
Long Blades    | |  0.2
Axes           | |  0.2
Maces & Flails | |  0.2
Polearms       | |  2.4
Staves         | |  0.2
Slings         | |  0.2
Bows           | |  0.2
Crossbows      | |  0.2
Throwing       | |  2.4
Armour         | |  0.2
Dodging        | |  2.4
Stealth        | |  4.0
Shields        | |  0.2
Unarmed Combat | |  0.2
Spellcasting   | |  0.2
Conjurations   | |  0.1
Hexes          | |  0.1
Summonings     | |  0.1
Necromancy     | |  0.1
Translocations | |  0.1
Transmutations | |  0.1
Fire Magic     | |  0.1
Ice Magic      | |  0.1
Earth Magic    | |  0.1
Poison Magic   | |  3.6
Invocations    | |  0.3
Evocations     | |  2.4

Action                   || total
-------------------------++-------
Melee: Dagger            ||    24
       Bite              ||     2
Throw: Dart              ||    13
 Cast: Apportation       ||     2
Armor: Robe              ||     9
Dodge: Dodged            ||    25

Table legend: (Time is in decaauts)
 A = Elapsed time spent in this place.
 B = Non-inter-level travel time spent in this place.
 C = Inter-level travel time spent in this place.
 D = Time resting spent in this place.
 E = Time spent auto-exploring this place.
 F = Levels seen in this place.
 G = Mean time per level.
                   A        B        C        D        E       F      G
               +--------+--------+--------+--------+--------+-----+--------+
         Total |    136 |    136 |      0 |      0 |     73 |   1 |  136.0 |
       Dungeon |    136 |    136 |      0 |      0 |     73 |   1 |  136.0 |
               +--------+--------+--------+--------+--------+-----+--------+

Top non-repeatable levels by time:
     D:1: 136 daAuts
